 Dungeon Crawl Stone Soup version 0.29-a0-817-g9904bce7a6 (webtiles) character file.

Game seed: 7358060610620097506

42 pericles the Shield-Bearer (level 3, -6/31 HPs)
             Began as a Gnoll Fighter on July 5, 2022.
             Was a Follower of Sif Muna.
             Mangled by Terence
             ... wielding a +0 flail
              (7 damage)
             ... on level 3 of the Dungeon.
             The game lasted 00:07:55 (1543 turns).

pericles the Shield-Bearer (Gnoll Fighter)          Turns: 1543, Time: 00:07:56

Health: -6/31      AC: 10    Str: 17    XL:     3   Next: 54%
Magic:  4/4        EV:  9    Int:  7    God:    Sif Muna [*.....]
Gold:   85         SH:  5    Dex: 11    Spells: 3/3 levels left

rFire   . . .      SeeInvis .   a - +0 long sword (chaos)
rCold   . . .      Faith    .   c - +0 buckler
rNeg    . . .      Spirit   .   b - +1 scale mail
rPois   .          Reflect  .   (no helmet)
rElec   .          Harm     .   (no cloak)
rCorr   .          Rampage  .   f - +0 pair of gloves
Will    .....                   (no boots)
Stlth   ..........              (no amulet)
HPRegen 0.10/turn               (no ring)
MPRegen 0.09/turn               (no ring)

@: mighty
A: fangs 1, strong nose, distributed training, frail 1
a: Renounce Religion, Channel Magic


You were on level 3 of the Dungeon.
You worshipped Sif Muna.
Sif Muna was aware of your devotion.
You visited 1 branch of the dungeon, and saw 3 of its levels.

You collected 85 gold pieces.

Inventory:

Hand Weapons
 a - a +0 long sword of chaos (weapon)
 h - a +0 spear
 i - a +0 sling
Missiles
 e - 17 poisoned darts (quivered)
 j - 12 stones
 k - 3 large rocks
Armour
 b - a +1 scale mail (worn)
 c - a +0 buckler (worn)
 f - a +0 pair of gloves (worn)
Scrolls
 g - 2 scrolls of identify


   Skills:
 + Level 6.5 Fighting
 + Level 0.9 Short Blades
 + Level 4.5 Long Blades
 + Level 0.9 Axes
 + Level 0.9 Maces & Flails
 + Level 0.9 Polearms
 + Level 0.9 Staves
 + Level 0.9 Ranged Weapons
 + Level 0.9 Throwing
 + Level 6.5 Armour
 + Level 0.9 Dodging
 + Level 0.9 Stealth
 + Level 6.5 Shields
 + Level 0.9 Unarmed Combat
 + Level 0.9 Spellcasting
 + Level 0.6 Conjurations
 + Level 0.6 Hexes
 + Level 0.6 Summonings
 + Level 0.6 Necromancy
 + Level 0.6 Translocations
 + Level 0.6 Transmutations
 + Level 0.6 Fire Magic
 + Level 0.6 Ice Magic
 + Level 0.6 Air Magic
 + Level 0.6 Earth Magic
 + Level 0.6 Poison Magic
 + Level 1.0 Invocations
 + Level 0.9 Evocations


You had 3 spell levels left.
You didn't know any spells.
Your spell library was empty.

Dungeon Overview and Level Annotations

Branches:
Dungeon (3/15)

Altars:
Sif Muna

Annotations:
D:3 Terence


Innate Abilities, Weirdness & Mutations

You have very sharp teeth.
Your uncanny sense of smell can sniff out nearby items.
Your experience applies equally to all skills.
You are frail. (-10% HP)


Message History

You feel aware of your surroundings.
It was a scroll of magic mapping.
j - 12 stones (gained 3)
Found 3 large rocks.
A hobgoblin comes into view.
The hobgoblin shouts!
You block the hobgoblin's attack. You block the hobgoblin's attack.
You slash the hobgoblin! You burn the hobgoblin.
You kill the hobgoblin!
Sif Muna accepts your kill.
You see here 3 large rocks.
You see here 3 large rocks.
k - 3 large rocks
Found 14 gold pieces.
You now have 85 gold pieces (gained 14).
Found a flail.
Found 6 poisoned darts.
You see here a +0 flail.
Found a hand axe.
e - 17 poisoned darts (gained 6) Terence the Incautious comes into view.
He is wielding a +0 flail and carrying a wand of quicksilver (9).
Terence shouts!
Terence zaps a wand.
The bolt of dispelling energy hits you!
Ouch! That really hurt!
You hit Terence.
Terence goes berserk!
You bite Terence, but do no damage.
Terence is lightly wounded.
Terence closely misses you. Terence barely misses you.
You hit Terence but do no damage.
Terence resists with some effort.
Terence is lightly wounded.
Terence hits you but does no damage. You block Terence's attack.
You closely miss Terence.
Terence is lightly wounded.
Terence barely misses you. Terence closely misses you.
You closely miss Terence.
Terence is lightly wounded.
Terence hits you with a +0 flail!
* * * LOW HITPOINT WARNING * * *
You feel very mighty all of a sudden. Terence hits you with a +0 flail!
You die...

*,* *,*,**,,,,,,....#.#.###.#
**,***,*,***,,,,*.∆,*#,#.# #.#
,,,,,,,,,,,,,,,,******,#.# #.#
**,,,,,,,,,,,,*** #.#.# #.#
*****,*,****** #.#.###.# *,*,*
###########.#..##.#
***,*,###.........#)##.##.#
*,,,,,.........##.#.##.##.#
*,****......@@......##.##.#
****,****.##.####......##.##.#
,,,,,,,,,,**,* #.......)..#.#
# *****,******,*
##.....###.#.# # *,* *,*
#.....# *.#.#### ****,*
*,****###.### *.#.##.. **,*,,*
*,,,,,,...# *.#.##.. ,,,,*,*
******###.# *.#..... ,******
#.# *.####..


You could see Terence (berserk).

Vanquished Creatures
  An ufetubus (D:3)
  A dart slug (D:2)
  An orc (D:3)
  4 bats
  3 endoplasms (D:2)
  3 giant cockroaches
  A goblin (D:1)
  5 hobgoblins
  3 jackals (D:2)
  2 quokkas (D:1)
  3 ball pythons
  A kobold (D:3)
28 creatures vanquished.

Notes
Turn   | Place    | Note
-------+----------+-------------------------------------------
     0 | D:1      | pericles the Gnoll Fighter began the quest for the Orb.
     0 | D:1      | Reached XP level 1. HP: 23/23 MP: 1/1
   110 | D:1      | Reached XP level 2. HP: 24/29 MP: 2/2
   643 | D:2      | Reached XP level 3. HP: 32/35 MP: 3/3
   680 | D:2      | Gained mutation: You are frail. (-10% HP) [potion of
                  | mutation]
  1035 | D:2      | Found a faded altar of an unknown god.
  1051 | D:2      | Prayed at the altar of an unknown god.
  1051 | D:2      | Became a worshipper of Sif Muna the Loreminder
  1051 | D:2      | Reached * piety under Sif Muna
  1355 | D:3      | Reached skill level 1 in Invocations
  1533 | D:3      | Noticed Terence
  1542 | D:3      | HP: 1/31 [Terence/+0 flail (14)]
  1543 | D:3      | Mangled by Terence

Illustrated notes

Levels and vault maps discovered:
D:1:      sevenhm_arrival_forest_fort_small_5, layout_loops_cross,
          ebering_dispersal_statue_hall, minivault_19, nrook_uturn
D:2:      layout_basic, ebering_ecumenical_altar_petrified,
          kennysheep_generic_room_9
D:3:      minmay_angry_zag, layout_loops_ring, hangedman_decor_lopped,
          uniq_terence

Skill      XL: |  1  2  3 |
---------------+----------+-----
Invocations    | 1 |  1.0
Fighting       | |  6.5
Short Blades   | |  0.9
Long Blades    | |  4.5
Axes           | |  0.9
Maces & Flails | |  0.9
Polearms       | |  0.9
Staves         | |  0.9
Ranged Weapons | |  0.9
Throwing       | |  0.9
Armour         | |  6.5
Dodging        | |  0.9
Stealth        | |  0.9
Shields        | |  6.5
Unarmed Combat | |  0.9
Spellcasting   | |  0.9
Conjurations   | |  0.6
Hexes          | |  0.6
Summonings     | |  0.6
Necromancy     | |  0.6
Translocations | |  0.6
Transmutations | |  0.6
Fire Magic     | |  0.6
Ice Magic      | |  0.6
Air Magic      | |  0.6
Earth Magic    | |  0.6
Poison Magic   | |  0.6
Evocations     | |  0.9

Action                   || total
-------------------------++-------
Melee: Long sword        ||    78
       Bite              ||     9
  Use: Scroll            ||     8
       Potion            ||     5
Armor: Scale mail        ||    43
Dodge: Dodged            ||    37
Block: Buckler           ||    47

Table legend: (Time is in decaauts)
 A = Elapsed time spent in this place.
 B = Non-inter-level travel time spent in this place.
 C = Inter-level travel time spent in this place.
 D = Time resting spent in this place.
 E = Time spent auto-exploring this place.
 F = Levels seen in this place.
 G = Mean time per level.
                   A        B        C        D        E       F      G
               +--------+--------+--------+--------+--------+-----+--------+
         Total |   1575 |   1568 |      7 |    439 |    258 |   3 |  525.0 |
       Dungeon |   1575 |   1568 |      7 |    439 |    258 |   3 |  525.0 |
               +--------+--------+--------+--------+--------+-----+--------+

Top non-repeatable levels by time:
     D:2: 827 daAuts
     D:1: 419 daAuts
     D:3: 328 daAuts
